Map: Terraform LE (Void)

Players

AnalagentKwk - Winner!

  • Race: Zerg Zerg
  • League: Bronze

wabbajack

  • Race: Zerg Zerg
  • League: Gold

VOD

Have the link to the VOD?

Description

Time

  • Played on: July 20, 2015, 9:06 a.m.
  • Length: 4:09
Show
View Real Time Build Order
Export as new Build Order

AnalagentKwk Zerg - Winner!

Build Orders: Pool First 

Get SALT Encoding   

  12  0:01  Drone  
  13  0:12  Drone  
  14  0:23  Extractor  
  14  0:27  Drone  
  14  0:35  Spawning Pool  
  14  0:38  Drone  
  14  0:46  Overlord  
  14  1:09  Drone x3  
  17  1:30  Hatchery  
  16  1:39  Queen  
  18  1:49  Metabolic Boost  
  18  1:51  Zergling x2  
  19  1:55  Zergling x2  
  19  1:58  Zergling x2  
  21  2:11  Overlord  
  21  2:18  Zergling x2  
  22  2:29  Queen  
  24  2:32  Zergling x2  
  25  2:40  Zergling x2  
  26  2:52  Zergling x12  
  32  3:03  Zergling x2  
  33  3:14  Overlord x3  
  33  3:17  Drone  
  34  3:26  Zergling x4  
  35  3:41  Zergling x2  
  36  3:43  Zergling x8  
Show
View Real Time Build Order
Export as new Build Order

wabbajack Zerg 

Build Orders: Hatch First 

Get SALT Encoding   

  12  0:01  Drone  
  13  0:15  Overlord  
  13  0:24  Drone  
  13  0:27  Extractor  
  13  0:28  Drone  
  14  0:29  Extractor  
  14  0:30  Drone  
  16  0:43  Drone  
  17  1:00  Drone  
  17  1:01  Drone  
  19  1:05  Hatchery, Extractor  
  17  1:24  Spawning Pool  
  16  1:26  Drone x2  
  18  1:45  Drone  
  18  1:46  Overlord  
  19  2:07  Drone x2  
  21  2:11  Metabolic Boost, Queen  
  21  2:14  Drone  
  24  2:17  Queen  
  24  2:22  Zergling x2  
  27  2:28  Spine Crawler  
  26  2:31  Drone  
  26  2:32  Drone  
  28  2:42  Roach Warren  
  27  2:50  Overlord  
  27  3:06  Spine Crawler  
  27  3:07  Overlord  
  27  3:10  Spine Crawler  
  25  3:13  Spine Crawler  
  24  3:36  Roach  
  24  3:37  Roach x4  
Tags
 
Add a new tag
Caveats
  • Supply blocks, unpowered buildings, or Contaminate may cause inaccurate times.
  • Supply counts are checked every 10 seconds.